 Dungeon Crawl Stone Soup version 0.22-a0-515-g75794bf (webtiles) character file.

4174 Supahsalami the Cleaver (level 10, -3/92 HPs)
             Began as a Deep Dwarf Fighter on June 19, 2018.
             Was an Initiate of Makhleb.
             Slain by a minotaur (14 damage)
             ... in a labyrinth.
             The game lasted 00:58:02 (8620 turns).

Supahsalami the Cleaver (Deep Dwarf Fighter)        Turns: 8620, Time: 00:58:03

Health: -3/92      AC: 16    Str: 25    XL:     10   Next: 7%
Magic:  1/1        EV:  6    Int:  9    God:    Makhleb [......]
Gold:   555        SH: 12    Dex: 12    Spells: 9/9 levels left

rFire    . . .     SeeInvis +   a - +0 war axe
rCold    . . .     Gourm    .   c - +0 shield
rNeg     . . .     Faith    .   y - +0 plate armour
rPois    .         Spirit   .   (no helmet)
rElec    .         Reflect  .   (no cloak)
rCorr    .         Harm     .   p - +1 pair of gloves
MR       +....                  (no boots)
Stlth    ..........             g - amulet of rage
HPRegen  0.00/turn              o - +2 ring of strength
MPRegen  0.07/turn              x - ring of see invisible

@: non-regenerating
A: damage resistance, heal wounds, sense surroundings 2, no regeneration
a: Heal Wounds, Renounce Religion, Evoke Berserk Rage


You were in a labyrinth.
You worshipped Makhleb.
Makhleb was noncommittal.
You were not hungry.

You visited 2 branches of the dungeon, and saw 12 of its levels.
You also visited: Labyrinth.

You collected 555 gold pieces.

Inventory:

Hand Weapons
 a - a +0 war axe (weapon)
 u - a +2 whip of electrocution
 w - a +2 mace of protection
Missiles
 i - 32 poisoned needles
 k - 8 needles of confusion
 v - 7 tomahawks (quivered)
 B - 8 javelins
Armour
 c - a +0 shield (worn)
 p - a +1 pair of gloves (worn)
 y - a +0 plate armour (worn)
Jewellery
 b - an uncursed ring of ice
 g - an amulet of rage (around neck)
 o - a +2 ring of strength (left hand)
 r - an uncursed ring of wizardry
 t - an uncursed amulet of guardian spirit
 x - a ring of see invisible (right hand)
 D - an uncursed amulet of harm
Wands
 s - a wand of flame (40)
 z - a wand of clouds (3)
 A - a wand of paralysis (16)
 I - a wand of disintegration (19)
Scrolls
 l - 8 scrolls of remove curse
 m - 5 scrolls of amnesia
 n - 5 scrolls of teleportation
 F - a scroll of identify
 J - a scroll of fear
Potions
 d - 4 potions of might
 e - a potion of mutation
 h - 7 potions of curing
 j - a potion of resistance
 C - 3 potions of brilliance
 E - a potion of lignification
 G - 3 potions of flight
Comestibles
 f - 16 rations
 q - 4 chunks of flesh


   Skills:
 + Level 6.9 Fighting
 * Level 9.2 Axes
 + Level 8.4 Armour
 + Level 8.4 Shields


You had 9 spell levels left.
You didn't know any spells.
Your spell library was empty.

Dungeon Overview and Level Annotations

Branches:
Dungeon (11/15)            Temple (1/1) D:7
   Lair: D:8-11         Orc: D:9-12

Altars:
Ashenzari
Cheibriados
Dithmenos
Elyvilon
Fedhas
Gozag
Hepliaklqana
Kikubaaqudgha
Makhleb
Nemelex Xobeh
Okawaru
Qazlal
Ru
Sif Muna
Trog
Uskayaw
Vehumet
Wu Jian
Xom
Yredelemnul
Zin
The Shining One

Shops:
D:6 :

Annotations:
D:8 exclusion: door


Innate Abilities, Weirdness & Mutations

You are resistant to damage.
You can heal yourself by infusing magical energy.
You passively map the area around you.
You do not regenerate.


Message History

Your plate armour prevents you from hitting the minotaur.
The minotaur is moderately wounded.
The minotaur hits you.
* * * LOW HITPOINT WARNING * * *
You block the minotaur's attack.
You slash the minotaur!
The minotaur is heavily wounded.
The minotaur hits you but does no damage.
The minotaur gores you!
* * * LOW HITPOINT WARNING * * *
You slash the minotaur!
The minotaur is heavily wounded.
The minotaur completely misses you. The minotaur gores you!
* * * LOW HITPOINT WARNING * * *
You slash the minotaur!
The minotaur is severely wounded.
You block the minotaur's attack.
The minotaur gores you but does no damage.
You fail to use your ability.
The minotaur hits you!
You die...

## .# ###.###
#### #H@...#..
.#
.###.###.###.#
#......( # ..#
## ##### ###
...# .##### #
. .# #.### #
## # .. .


You could see a minotaur.

Vanquished Creatures
  A centaur zombie (D:11)
  A troll (D:8)
  Sigmund (D:2)
  A wraith (D:4)
  Edmund (D:4)
  A water moccasin (D:6)
  2 sky beasts
  An orc warrior (D:6)
  2 ice beasts
  A phantom (D:6)
  6 ogres
  A centaur (D:5)
  A crocodile (D:5)
  A gnoll sergeant (D:6)
  4 bullfrogs
  3 scorpions
  A water moccasin skeleton (D:5)
  2 wights (D:8)
  5 crimson imps
  2 bullfrog zombies (D:5)
  5 hounds
  2 jellies
  3 orc priests
  2 orc wizards
  2 bullfrog skeletons (D:6)
  An iguana (D:5)
  8 worker ants
  Terence (D:2)
  2 hound skeletons
  A howler monkey zombie (D:5)
  7 gnolls
  10 adders
  2 shadow imps
  2 adder zombies (D:5)
  An ooze (D:1)
  6 worms
  2 dart slugs
  5 leopard geckos
  34 orcs
  8 giant cockroaches
  15 goblins
  5 hobgoblins
  26 jackals
  10 kobolds
  5 quokkas
  11 bats
  4 frilled lizards
  2 jackal zombies
  A leopard gecko skeleton (D:5)
  A quokka skeleton (D:4)
  10 rats
232 creatures vanquished.

Notes
Turn   | Place    | Note
-------+----------+-------------------------------------------
     0 | D:1      | Supahsalami the Deep Dwarf Fighter began the quest for the Orb.
     0 | D:1      | Reached XP level 1. HP: 20/20 MP: 1/1
    86 | D:1      | Reached XP level 2. HP: 13/27 MP: 2/2
   514 | D:1      | Reached XP level 3. HP: 34/34 MP: 2/2
   983 | D:2      | Reached XP level 4. HP: 29/42 MP: 3/3
  1111 | D:2      | Noticed Sigmund
  1267 | D:2      | Reached skill level 3 in Axes
  1527 | D:2      | Noticed Terence
  1549 | D:2      | Killed Terence
  1809 | D:3      | Reached XP level 5. HP: 31/49 MP: 4/4
  1941 | D:4      | Found a stormy altar of Qazlal.
  2077 | D:5      | Entered Level 5 of the Dungeon
  2077 | D:5      | Noticed an ice beast
  2199 | D:4      | Reached XP level 6. HP: 36/57 MP: 0/5
  2301 | D:4      | Reached skill level 4 in Axes
  2312 | D:4      | Reached skill level 5 in Armour
  2312 | D:4      | Reached skill level 5 in Shields
  2945 | D:4      | Noticed Edmund
  3058 | D:4      | Killed an ice beast
  3058 | D:4      | Reached XP level 7. HP: 56/66 MP: 5/5
  3397 | D:5      | Reached skill level 5 in Axes
  3684 | D:5      | Found a shattered altar of Ashenzari.
  3710 | D:6      | Reached skill level 5 in Fighting
  3712 | D:6      | Reached XP level 8. HP: 73/74 MP: 4/4
  3958 | D:4      | Reached skill level 6 in Axes
  4463 | D:6      | Gained mutation: You passively map the area around you. [Deep Dwarf growth]
  4463 | D:6      | Reached XP level 9. HP: 54/82 MP: 2/2
  4564 | D:6      | Reached skill level 7 in Axes
  4665 | D:6      | HP: 4/82 [orc warrior/halberd (21)]
  5258 | D:6      | Found Abbun's Book Shoppe.
  5533 | D:8      | Found a white marble altar of Elyvilon.
  5739 | D:4      | Killed Edmund
  5935 | D:2      | Killed Sigmund
  5935 | D:2      | Reached skill level 8 in Axes
  6677 | D:7      | Found a bloodstained altar of Trog.
  6752 | D:7      | Found a staircase to the Ecumenical Temple.
  6858 | Temple   | Entered the Ecumenical Temple
  6978 | Temple   | Became a worshipper of Makhleb the Destroyer
  7437 | D:8      | Noticed a two-headed ogre
  7593 | D:9      | Noticed a troll
  7620 | D:8      | Killed a troll
  7747 | D:8      | Found an opulent altar of Gozag.
  7998 | D:8      | Found a glowing silver altar of Zin.
  8128 | D:8      | HP: 2/85 [ogre/giant club (17)]
  8274 | D:8      | Found a deep blue altar of Sif Muna.
  8391 | D:9      | Reached skill level 9 in Axes
  8409 | D:10     | Entered Level 10 of the Dungeon
  8409 | D:10     | Noticed a komodo dragon
  8471 | D:11     | Reached XP level 10. HP: 28/92 MP: 1/1
  8490 | D:11     | Found a labyrinth entrance.
  8496 | Lab      | Entered a labyrinth
  8590 | Lab      | Noticed a minotaur
  8620 | Lab      | Slain by a minotaur

Vault maps used:
D:1:      shiori_arrival_maze, minmay_misc_feat_cross, due_unseen_surprise
D:2:      minmay_octomino_c4, uniq_terence, uniq_sigmund
D:3:      kennysheep_big_flooded_room
D:4:      grunt_qazlal_clouds, first_ration, uniq_edmund
D:5:      cheibrodos_fzero, evilmike_ruin_ashenzari
D:6:      serial_shops, shop
D:7:      bloody_trog, temple_statues
D:8:      nicolae_overflow_hidden_temple, kennysheep_mini_moat,
          lemuel_round_altar, grunt_ogre_cave, led_sif_book
D:9:      lemuel_doored_altar, evilmike_minifort
D:10:     basic_altar, uniq_sonja
D:11:     lair_entry_dummy, lab_entry_generic, uniq_erolcha, uniq_nergalle
Temple:   regret_index_temple_waves

Skill      XL: |  1  2  3  4  5  6  7  8  9 |
---------------+----------------------------+-----
Fighting       | 3 4 5 6 |  6.9
Armour         | 4 5 6 7 8 |  8.4
Shields        | 4 5 6 7 8 |  8.4
Axes           | 3 4 5 6 9 |  9.2

Action                   |  1- 3 |  4- 6 |  7- 9 | 10-12 || total
-------------------------+-------+-------+-------+-------++-------
Melee: War axe           |   135 |   235 |   553 |    21 ||   944
Throw: Stone             |    11 |     2 |       |       ||    13
       Tomahawk          |       |     7 |     2 |       ||     9
       Javelin           |       |     7 |    98 |       ||   105
       Throwing net      |       |       |       |     3 ||     3
 Abil: Heal Wounds       |     1 |     5 |    22 |     3 ||    31
  Use: Scroll            |       |     6 |    11 |       ||    17
       Potion            |       |       |     3 |       ||     3
 Stab: Held in net/web   |       |       |       |     1 ||     1
  Eat: Chunk             |       |     8 |    13 |       ||    21
       Ration            |       |       |     2 |       ||     2
Armor: Scale mail        |    61 |   137 |   155 |       ||   353
       Plate armour      |       |       |    70 |     2 ||    72
Dodge: Dodged            |    54 |    74 |   144 |     2 ||   274
Block: Shield            |    79 |   171 |   325 |    10 ||   585

Table legend:
 A = Spawn XP
 B = Non-spawn XP
 C = Spawn XP percentage of total XP
 D = Spawn monster count
 E = Non-spawn monster count
 F = Spawn count percentage of total count
 G = Total turns spent on level
                    A         B        C        D         E        F      G
               +---------+---------+-------+---------+---------+-------+---------
         Total |       0 |    5963 |   0.0 |       0 |     232 |   0.0 |  8620
               +---------+---------+-------+---------+---------+-------+---------
           D:1 |       0 |      58 |   0.0 |       0 |      31 |   0.0 |  1067
           D:2 |       0 |     318 |   0.0 |       0 |      31 |   0.0 |   815
           D:3 |       0 |      92 |   0.0 |       0 |      33 |   0.0 |  1035
           D:4 |       0 |     986 |   0.0 |       0 |      17 |   0.0 |   875
           D:5 |       0 |    1216 |   0.0 |       0 |      50 |   0.0 |  1073
           D:6 |       0 |    1457 |   0.0 |       0 |      39 |   0.0 |  1269
           D:7 |       0 |     240 |   0.0 |       0 |      12 |   0.0 |  1013
           D:8 |       0 |     725 |   0.0 |       0 |      14 |   0.0 |  1021
           D:9 |       0 |     257 |   0.0 |       0 |       3 |   0.0 |   128
          D:10 |       0 |     121 |   0.0 |       0 |       1 |   0.0 |    24
          D:11 |       0 |     493 |   0.0 |       0 |       1 |   0.0 |    48
               +---------+---------+-------+---------+---------+-------+---------
